 Dungeon Crawl Stone Soup version 0.29.1-15-g9cfb28693d (webtiles) character file.

Game seed: 12867051850139472903

27141 nightchill the Severer (level 13, -13/91 HPs)
             Began as a Gargoyle Fighter on Apr 18, 2023.
             Was an Elder of Zin.
             Mangled by an orc knight
             ... wielding a +0 great sword
              (25 damage)
             ... on level 1 of the Orcish Mines.
             The game lasted 00:47:42 (25047 turns).

nightchill the Severer (Gargoyle Fighter)          Turns: 25047, Time: 00:47:42

Health: -13/91     AC: 22    Str: 21    XL:     13   Next: 30%
Magic:  16/16      EV:  8    Int: 13    God:    Zin [****..]
Gold:   1021       SH:  8    Dex:  9    Spells: 12/12 levels left

rFire   + + .      SeeInvis .   a - +1 war axe
rCold   . . .      Faith    .   E - +0 kite shield
rNeg    + . .      Spirit   .   I - +2 ring mail {rF+}
rPois   ∞          Reflect  .   f - +0 helmet
rElec   +          Harm     .   S - +2 cloak
rCorr   +          Rampage  .   d - +0 pair of gloves
Will    .....                   (no boots)
Stlth   ..........              M - amulet of the acrobat
HPRegen 0.25/turn               n - ring of protection from fire
MPRegen 0.15/turn               p - ring of resist corrosion

@: no status effects
A: sickness immunity, AC +9, negative energy resistance 1, electricity
resistance, torment resistance 1, petrification resistance
a: Renounce Religion, Recite, Vitalisation, Imprison, Donate Gold


You were on level 1 of the Orcish Mines.
You worshipped Zin.
Zin was greatly pleased with you.
You visited 4 branches of the dungeon, and saw 17 of its levels.

You collected 1134 gold pieces.
You donated 113 gold pieces to Zin.

Inventory:

Hand Weapons
 a - a +1 war axe (weapon)
 b - the +7 hand axe "Ogasuach" {vorpal, rC++ Str+4 Dex-2 SInv}
   (You found it on level 1 of the Lair of Beasts)

   It inflicts extra damage upon your enemies.
   Str:       It affects your strength (+4).
   Dex:       It affects your dexterity (-2).
   rC:        It greatly protects you from cold.
   SInv:      It lets you see invisible.
 w - a +1 whip of electrocution
 F - a +0 war axe
Missiles
 G - a boomerang of dispersal (quivered)
 H - a curare-tipped dart
 P - 8 datura-tipped darts
Armour
 d - a +0 pair of gloves (worn)
 f - a +0 helmet (worn)
 E - a +0 kite shield (worn)
 I - a +2 ring mail of fire resistance (worn)
 N - an orb of wrath
 S - a +2 cloak (worn)
Jewellery
 n - a ring of protection from fire (left hand)
 p - a ring of resist corrosion (right hand)
 v - a ring of magical power
 M - an amulet of the acrobat (around neck)
 T - a ring of magical power
Wands
 m - a wand of flame (11)
 z - a wand of light (5)
 A - a wand of iceblast (16)
 L - a wand of mindburst (6)
Scrolls
 c - 2 scrolls of poison {unknown}
 e - a scroll of brand weapon {unknown}
 h - 3 scrolls of magic mapping
 i - 4 scrolls of amnesia
 s - a scroll of noise
 t - a scroll of immolation
 u - a scroll of vulnerability
 x - a scroll of acquirement {unknown}
 y - 7 scrolls of teleportation
 B - 4 scrolls of fog
 K - 3 scrolls of enchant weapon
 R - a scroll of summoning {unknown}
Potions
 g - 3 potions of heal wounds
 j - 3 potions of curing
 l - 3 potions of cancellation
 q - 5 potions of mutation
 D - a potion of attraction
 J - 2 potions of ambrosia
 O - a potion of magic {unknown}
 Q - a potion of lignification {unknown}


   Skills:
 + Level 14.4 Fighting
 - Level 16.0 Axes
 - Level 3.2 Armour
 + Level 3.7 Shields
 * Level 4.8 Invocations


You had 12 spell levels left.
You didn't know any spells.
Your spell library contained the following spells:

 Spells                   Type           Power      Damage    Failure   Level
 Apportation              Tloc           0%         N/A       83%         1
 Beastly Appendage        Tmut           0%         N/A       83%         1
 Sandblast                Erth           0%         2d4       83%         1
 Blink                    Tloc           0%         N/A       92%         2
 Passwall                 Tmut/Erth      0%         N/A       92%         2
 Wereblood                Tmut           0%         N/A       92%         2
 Call Canine Familiar     Summ           0%         N/A       99%         3
 Gell's Gravitas          Tloc           0%         N/A       99%         3
 Lesser Beckoning         Tloc           0%         N/A       99%         3
 Portal Projectile        Hex/Tloc       0%         N/A       99%         3
 Spider Form              Tmut/Pois      0%         N/A       99%         3
 Stone Arrow              Conj/Erth      0%         3d7       99%         3
 Teleport Other           Tloc           0%         N/A       99%         3
 Airstrike                Air            0%         2d(0-16)  100%        4
 Leda's Liquefaction      Hex/Erth       0%         N/A       100%        4
 Summon Lightning Spire   Summ/Air       0%         N/A       100%        4
 Alistair's Intoxication  Tmut/Pois      0%         N/A       100%        5
 Lightning Bolt           Conj/Air       0%         1d11      100%        5
 Manifold Assault         Tloc           0%         N/A       100%        5
 Summon Forest            Summ/Tloc      0%         N/A       100%        5
 Dispersal                Tloc           0%         N/A       100%        6
 Eringya's Noxious Bog    Tmut/Pois      0%         N/A       100%        6
 Summon Hydra             Summ           0%         N/A       100%        7


Dungeon Overview and Level Annotations

Branches:
Dungeon (10/15)            Temple (1/1) D:6            Lair (4/5) D:8
  Swamp (0/4) Lair:3        Snake (0/4) Lair:3          Orc (2/2) D:10
    Elf (0/3) Orc:2
  Slime: Lair:4-5

Altars:
Ashenzari
Cheibriados
Dithmenos
Fedhas
Kikubaaqudgha
Ru
Zin
The Shining One

Shops:
D:8 [   Orc:1 :

Annotations:
D:4 2 transporters, exclusion: downstairs
D:5 exclusion: downstairs
D:6 exclusion: downstairs
D:7 exclusion: downstairs
D:8 2 transporters, manyhoops's ghost, novice OpTm
Lair:2 exclusion: 2 downstairs
Lair:3 exclusions: lava snake and 1 more exclusion
Lair:4 Nessos
Orc:2 exclusions: 2 upstairs and 5 more exclusions


Innate Abilities, Weirdness & Mutations

You are immune to sickness and miasma.
Your stone body is resilient. (AC +9)
You are immune to poison.
You resist negative energy. (rN+)
You are resistant to electric shocks. (rElec)
You are resistant to unholy torment.
You are immune to petrification.


Message History

Okay, then.
Blink to where?
Press: ? - help, Dir - move target, p - orc knight
As you read the scroll of blinking, it crumbles to dust.
Aiming: Imprison (12% risk of failure)
Press: ? - help, Dir - move target, f - orc knight
Aim: an orc knight, wielding a +0 great sword and wearing a +0 chain mail (translocational energy, severely wounded) Zin imprisons the orc knight with walls of pure silver!
You can no longer call upon Zin to create a sanctuary.
Okay, then.
You are confused.
You feel invigorated.
Zin releases the orc knight from its prison.
You feel less invigorated.
You feel less confused.
You feel better.
The orc knight hits you with a +0 great sword!
* * * LOW HITPOINT WARNING * * *
You hit the orc knight but do no damage.
The orc knight is severely wounded.
You slash the orc knight!
The orc knight is severely wounded.
The orc knight hits you but does no damage.
You closely miss the orc knight.
The orc knight is severely wounded.
The orc knight barely misses you.
You barely miss the orc knight.
The orc knight is severely wounded.
You block the orc knight's attack.
You hit the orc knight.
The orc knight is severely wounded.
The orc knight completely misses you.
You hit the orc knight.
The orc knight is almost dead.
The orc knight hits you with a +0 great sword!
* * * LOW HITPOINT WARNING * * *
You slash the orc knight!
The orc knight is almost dead.
The orc knight hits you with a +0 great sword!!
You die...

##....## ##..........####
#....#.###............#.##
##.##...##...........#...#
##.###..#..÷......#.#...###
#...##..............#...#.##
#...###<#[.>...............#
##....#.#)..........#..#...#
#.......[.[[...o#......##.##
##.....[......∩#@...#.#####
##..#.#.#.##..##....###
#...##...######.....#.##
##.###...# ##.#.....#
####....# ###....## #....##
##....## ##....# ###...#
##...## ##.## ##...# ###


You could see an orc knight.

Vanquished Creatures
  Rupert (Orc:1)
  A hydra (Lair:2)
  A two-headed ogre (D:9)
  Erica (D:9)
  A bog body (Lair:2)
  An orc knight (Orc:1)
  2 cyclopes
  A manticore (D:9)
  A black mamba (Lair:4)
  A torpor snail (Lair:3)
  5 cane toads
  6 komodo dragons
  2 rime drakes (Lair:1)
  A troll (Orc:2)
  Grinder (D:3)
  5 blink frogs
  14 dream sheep
  Sigmund (D:2)
  30 yaks
  4 basilisks
  Eustachio (D:5)
  A vampire (D:9)
  2 steam dragons (D:9)
  6 wargs
  An acid dragon (D:9)
  4 nagas (Lair:3)
  10 water moccasins
  An ice beast (D:7)
  17 orc warriors
  A black bear (D:5)
  2 sky beasts (D:7)
  3 centaurs
  4 ogres
  A phantom (D:6)
  3 kobold brigands
  2 scorpions
  11 bullfrogs
  2 necrophages
  A gnoll sergeant (D:9)
  5 wights
  9 killer bees
  4 howler monkeys
  4 jellies
  13 orc priests
  2 hounds
  An iguana (D:7)
  Jessica (D:3)
  Natasha (thrice) (D:3)
  19 orc wizards
  Robin (D:2)
  11 adders
  11 gnolls
  A white imp (D:6)
  2 ufetubi (D:6)
  A worm (D:2)
  4 dart slugs
  51 orcs
  6 bats
  8 endoplasms
  3 giant cockroaches
  4 goblins
  15 hobgoblins
  6 jackals (D:2)
  4 quokkas
  4 ball pythons
  3 frilled lizards
  24 kobolds
  5 rats
378 creatures vanquished.

Vanquished Creatures (others)
  An orc priest (Orc:2)
  2 orcs (Orc:2)
  13 fungi
  26 plants
42 creatures vanquished.

Grand Total: 420 creatures vanquished

Notes
Turn   | Place    | Note
-------+----------+-------------------------------------------
     0 | D:1      | nightchill the Gargoyle Fighter began the quest for the
                  | Orb.
     0 | D:1      | Reached XP level 1. HP: 14/14 MP: 1/1
    28 | D:1      | Reached skill level 2 in Axes
   366 | D:1      | Reached XP level 2. HP: 18/19 MP: 2/2
   823 | D:2      | Noticed Sigmund
   833 | D:2      | Killed Sigmund
   834 | D:2      | Reached skill level 4 in Axes
   834 | D:2      | Reached XP level 3. HP: 18/24 MP: 3/3
   834 | D:2      | Reached XP level 4. HP: 22/30 MP: 4/4
   834 | D:2      | Reached XP level 5. HP: 25/34 MP: 5/5
  1195 | D:2      | Noticed Robin
  1671 | D:2      | Killed Robin
  1888 | D:2      | Reached XP level 6. HP: 37/40 MP: 6/6
  2144 | D:2      | Found a broken altar of Ashenzari.
  2659 | D:2      | Found a faded altar of an unknown god.
  2785 | D:3      | Noticed Grinder
  2803 | D:3      | Paralysed by Grinder for 2 turns
  2816 | D:3      | Paralysed by Grinder for 3 turns
  2823 | D:3      | Killed Grinder
  2824 | D:3      | Reached skill level 5 in Fighting
  2824 | D:3      | Reached skill level 5 in Axes
  3145 | D:3      | Noticed Natasha
  3147 | D:3      | Killed Natasha
  3148 | D:3      | Reached XP level 7. HP: 44/44 MP: 7/7
  3771 | D:3      | Found a snail-covered altar of Cheibriados.
  3785 | D:3      | Noticed Jessica
  3790 | D:3      | Killed Jessica
  3820 | D:3      | Noticed Natasha
  3826 | D:3      | Killed Natasha
  3827 | D:3      | Reached skill level 6 in Axes
  3945 | D:3      | Identified the +3 quarterstaff of Impermanence {flame, rC+}
  4065 | D:3      | Noticed Natasha
  4071 | D:3      | Killed Natasha
  4555 | D:4      | Found a transporter.
  4802 | D:4      | Found a transporter.
  4832 | D:5      | Entered Level 5 of the Dungeon
  4876 | D:5      | Found a glowing golden altar of the Shining One.
  4921 | D:5      | Became a worshipper of the Shining One
  4928 | D:5      | Noticed Eustachio
  4937 | D:5      | Killed Eustachio
  4938 | D:5      | Reached XP level 8. HP: 48/52 MP: 8/8
  5085 | D:5      | Reached skill level 7 in Axes
  6041 | D:6      | Reached skill level 8 in Axes
  6266 | D:5      | Reached XP level 9. HP: 42/58 MP: 9/9
  6496 | D:6      | Reached * piety under the Shining One
  6740 | D:6      | Found a staircase to the Ecumenical Temple.
  6749 | Temple   | Entered the Ecumenical Temple
  6759 | Temple   | Fell from the grace of the Shining One
  6759 | Temple   | Became a worshipper of Zin the Law-Giver
  6759 | Temple   | Reached * piety under Zin
  6759 | Temple   | Reached ** piety under Zin
  6937 | D:7      | Reached skill level 9 in Axes
  8318 | D:8      | Reached skill level 10 in Axes
  8421 | D:8      | Found a transporter.
  8422 | D:8      | Found a transporter.
  8423 | D:8      | Identified the ring "Fumoa" {Fly rPois rF++ Str-3 Dex+3}
  8426 | D:8      | Noticed manyhoops's ghost (novice OpTm)
  8427 | D:8      | Identified the +7 hand axe of Apti {flame, rN+}
  8433 | D:8      | Identified the +4 kite shield of the Thirteen Artists {rN++
                  | Dex+3 Stlth+}
  8683 | D:8      | Found a staircase to the Lair.
  8709 | D:8      | Reached XP level 10. HP: 13/66 MP: 10/10
  9238 | D:8      | Found Daffoq's Armour Boutique.
 10020 | D:9      | Reached skill level 11 in Axes
 10127 | D:9      | Found a sacrificial altar of Ru.
 10398 | D:9      | Reached *** piety under Zin
 10556 | D:9      | Found a shadowy altar of Dithmenos.
 10840 | D:9      | Reached skill level 10 in Fighting
 11055 | D:9      | Noticed Erica
 11463 | D:9      | Noticed a two-headed ogre
 11464 | D:9      | Noticed a manticore
 11520 | D:9      | Killed a manticore
 11521 | D:9      | Reached skill level 12 in Axes
 11786 | D:9      | Killed Erica
 12009 | D:9      | Noticed a two-headed ogre
 12020 | D:9      | Killed a two-headed ogre
 12021 | D:9      | Reached XP level 11. HP: 60/74 MP: 11/11
 12123 | D:9      | Reached **** piety under Zin
 12448 | D:10     | Entered Level 10 of the Dungeon
 12451 | D:10     | Found a blossoming altar of Fedhas.
 12453 | D:10     | Found an ancient bone altar of Kikubaaqudgha.
 12507 | Lair:1   | Entered Level 1 of the Lair of Beasts
 12912 | D:8      | Reached skill level 13 in Axes
 13962 | Lair:1   | Identified the +7 hand axe "Ogasuach" {vorpal, rC++ Str+4
                  | Dex-2 SInv}
 14765 | Lair:2   | Noticed a four-headed hydra
 14786 | Lair:2   | Killed a four-headed hydra
 15612 | Lair:2   | Reached skill level 14 in Axes
 16380 | Lair:2   | Reached XP level 12. HP: 82/82 MP: 12/12
 18048 | Lair:3   | Found a staircase to the Swamp.
 18371 | Lair:2   | Reached skill level 15 in Axes
 19216 | Lair:3   | Found a staircase to the Snake Pit.
 20256 | Lair:4   | Identified the ring "Helir" {rPois rC- AC+4 Int+5 Dex+2}
 20260 | Lair:4   | Noticed Nessos
 21814 | D:10     | Reached XP level 13. HP: 89/89 MP: 13/13
 21931 | D:10     | HP: 1/89 [orc warrior/+0 long sword (14)]
 22509 | D:10     | Found a staircase to the Orcish Mines.
 22753 | Orc:1    | Entered Level 1 of the Orcish Mines
 22754 | Orc:1    | Found Fudoub's Book Emporium.
 22782 | Orc:1    | Reached skill level 16 in Axes
 22786 | Orc:1    | Reached skill level 1 in Invocations
 22968 | Orc:1    | Reached ***** piety under Zin
 23080 | Orc:2    | Entered Level 2 of the Orcish Mines
 23332 | Orc:2    | Noticed Rupert
 23335 | Orc:2    | Paralysed by Rupert for 2 turns
 23338 | Orc:2    | Paralysed by Rupert for 5 turns
 23675 | Orc:1    | Killed Rupert
 24364 | Orc:1    | Noticed an orc warlord
 24593 | Orc:2    | Found a staircase to the Elven Halls.
 25031 | Orc:1    | HP: 2/91 [orc knight/+0 great sword (9)]
 25047 | Orc:1    | Mangled by an orc knight

Illustrated notes

Levels and vault maps discovered:
D:1:      roderic_octagonal_star, layout_basic
D:2:      layout_basic, basic_altar, chequers_ecumenical_altar_lobes,
          minmay_circle_x, uniq_sigmund, uniq_robin
D:3:      layout_loops_corners, cheibriados_altar_1, minmay_curled_crystal,
          uniq_jessica, uniq_grinder, uniq_natasha
D:4:      gammafunk_cloud_chamber, layout_gridville, chequers_garden,
          dk_vineyard_3
D:5:      layout_cave_pools, mainiacjoe_overflow_tiny_flanked, uniq_eustachio
D:6:      layout_rooms, minmay_temple_entry_poolview
D:7:      layout_cave_pods, minmay_misc_feat_rugged
D:8:      layout_loops_cross, erik_lair_orcish_takeover,
          gammafunk_ghost_gnarly_gnolls, serial_shops, shop_fountains
D:9:      layout_loops_corners, grunt_dithmenos_smoke,
          mainiacjoe_overflow_six_doors_small, grunt_potential, uniq_erica
D:10:     layout_basic, grunt_temple_overflow_growth_and_decay, david_orc_4,
          nicolae_figureground_pulse
Temple:   nicolae_temple_slightly_damp_pantheon
Lair:1:   layout_regular_city
Lair:2:   layout_cave_pods, st_stairs_5, pond
Lair:3:   layout_gridlike, skrybe_swamp_entry_bodies,
          minmay_snake_entry_guardpost_small, chequers_serial_rivers_large_a
Lair:4:   layout_regular_city, slime_entry_1, columned_hall_lemuel,
          serial_bayou_shore_b, uniq_nessos
Orc:1:    layout_caves, serial_shops, shop, nicolae_shop_statue_plus, shop, shop
Orc:2:    grunt_orc_tribal_feast, layout_diamond_mine, elves_outpost_lemuel,
          uniq_rupert

Skill      XL: |  1  2  3  4  5  6  7  8  9 10 11 12 13 |
---------------+----------------------------------------+-----
Axes           | 2 4 5 6 8 10 12 14 15 16 | 16.0
Fighting       | 4 5 6 7 9 11 12 13 14 | 14.4
Invocations    | 4 |  4.8
Armour         | |  3.2
Shields        | |  3.7

Action                   |  1- 3 |  4- 6 |  7- 9 | 10-12 | 13-15 || total
-------------------------+-------+-------+-------+-------+-------++-------
Melee: War axe           |    37 |   114 |   360 |   843 |   226 ||  1580
       Whip              |       |       |       |    14 |       ||    14
Throw: Throwing net      |       |     1 |       |     1 |       ||     2
       Dart              |       |       |       |     1 |       ||     1
       Boomerang         |       |       |       |       |     1 ||     1
Invok: Recite            |       |       |       |     2 |     8 ||    10
       Vitalisation      |       |       |       |     1 |     2 ||     3
       Imprison          |       |       |       |       |     1 ||     1
  Use: Potion            |     1 |     2 |       |     4 |     9 ||    16
       Scroll            |       |     4 |     7 |    10 |     3 ||    24
 Stab: Invisible         |       |     1 |       |       |     8 ||     9
       Held in net/web   |       |       |       |     1 |       ||     1
Armor: Scale mail        |    13 |       |       |       |       ||    13
       Plate armour      |     8 |   101 |   323 |   179 |       ||   611
       Ring mail         |       |       |       |   265 |    88 ||   353
Dodge: Dodged            |    24 |    26 |   111 |   291 |   109 ||   561
Block: Buckler           |    13 |    21 |    56 |    13 |       ||   103
       Kite shield       |       |       |       |   270 |    77 ||   347
